 Dungeon Crawl Stone Soup version 0.29.1-2-gbd0b4ee654 (webtiles) character file.

Game seed: 7653451566227237981

21 Icepheonix32 the Insei (level 2, -1/18 HPs)
             Began as an Octopode Transmuter on Nov 20, 2022.
             Slain by a kobold
             ... wielding a +0 short sword
              (4 damage)
             ... on level 1 of the Dungeon.
             The game lasted 00:00:38 (976 turns).

Icepheonix32 the Insei (Octopode Transmuter)         Turns: 976, Time: 00:00:38

Health: -1/18      AC:  1    Str:  7 (9)  XL:     2   Next: 87%
Magic:  4/5        EV: 13    Int: 14 (15) God:
Gold:   70         SH:  0    Dex: 10 (12) Spells: 4/5 levels left

rFire   . . .      SeeInvis .     - Unarmed
rCold   . . .      Faith    .   (no shield)
rNeg    . . .      Spirit   .   (helmet currently unavailable)
rPois   .          Reflect  .   (no amulet)
rElec   .          Harm     .   (no ring)
rCorr   .          Rampage  .   (no ring)
Will    .....                   (no ring)
Stlth   ++........              (no ring)
HPRegen 0.06/turn               (no ring)
MPRegen 0.09/turn               (no ring)
                                (no ring)
                                (no ring)

@: appendages (expiring)
A: tentacle spike 3, almost no armour, amphibious, 8 rings, camouflage 1,
gelatinous body 1, (nimble swimmer 1), tentacles
a: End Transformation


You were on level 1 of the Dungeon.
One of your tentacles had grown a beastly spike.
You visited 1 branch of the dungeon, and saw 2 of its levels.

You collected 70 gold pieces.

Inventory:

Scrolls
 b - a scroll of vulnerability {unknown}
 c - a scroll of teleportation {unknown}
 d - a scroll of fear {unknown}
 e - a scroll of noise {unknown}
 h - a scroll of fog {unknown}
Potions
 a - a potion of lignification
 g - a potion of brilliance {unknown}
 i - a potion of heal wounds {unknown}


   Skills:
 - Level 1.0 Fighting
 * Level 2.3 Dodging
 + Level 3.5 Unarmed Combat
 - Level 2.0 Spellcasting
 + Level 2.2 Transmutations


You had 4 spell levels left.
You knew the following spells:

 Your Spells              Type           Power      Damage    Failure   Level
a - Beastly Appendage     Tmut           14%        N/A       10%         1

Your spell library contained the following spells:

 Spells                   Type           Power      Damage    Failure   Level
 Wereblood                Tmut           7%         N/A       14%         2
 Shock                    Conj/Air       4%         1d3       24%         1
 Spider Form              Tmut/Pois      4%         N/A       41%         3
 Swiftness                Air            1%         N/A       56%         3
 Ice Form                 Ice/Tmut       4%         N/A       83%         4
 Airstrike                Air            0%         2d(1-17)  93%         4


Dungeon Overview and Level Annotations

Branches:
Dungeon (2/15)

Altars:


Innate Abilities, Weirdness & Mutations

One of your tentacles has grown a beastly spike.
You cannot wear most types of armour.
You are amphibious.
You can wear up to eight rings at the same time.
Your skin changes colour to match your surroundings (Stealth+).
Your rubbery body absorbs attacks. (AC +1, EV +1)
((You are camouflaged when in or above water. (Stealth+)))
You have tentacles for arms and can constrict up to eight enemies at once.


Message History

You climb downwards.
The kobold shouts!
The endoplasm quivers.
The kobold shouts!
There is a stone staircase leading up here.
There are monsters nearby!
One of your tentacles grows a vicious spike.
An endoplasm comes into view.
The endoplasm barely misses you.
You tentacle-slap the kobold.
You kill the kobold!
You tentacle-slap the endoplasm. You squeeze the endoplasm.
You kill the endoplasm!
The kobold throws a stone.
The stone completely misses you.
The kobold hits you with a +0 short sword.
The endoplasm freezes you.
You are frozen.
You closely miss the kobold. Your grab misses the kobold.
Your transformation is almost over.
A bat comes into view.
The kobold hits you with a +0 short sword.
The endoplasm freezes you.
You are frozen.
You are too injured to fight recklessly!
You are too injured to fight recklessly!
You are too injured to fight recklessly!
The endoplasm attacks as you move away! The endoplasm misses you.
There is a stone staircase leading up here.
The kobold barely misses you. The endoplasm freezes you.
You are frozen.
* * * LOW HITPOINT WARNING * * *
You climb upwards.
There is a stone staircase leading down, spattered with blood here.
You see here a +0 dagger.
It was a potion of degeneration.
There was something very wrong with that liquid.
You feel weakened.
You feel dopey.
You feel clumsy.
The kobold hits you with a +0 short sword.
You die...

............# #........#...#
............# #........#...#
............# #........#...#
............# #........#...#
............########........#...#
...................#.............
...................########......
...............K.J.# #......
................@..# #......
..................)# #......
..##########.......# #...... ..#
#.......# #...... #.# #.......#
#...†.. #.# #.......# ####......
#.# ######.......# #..'...).. ..#
#............# ####...... ####
#...........## ###..##


You could see an endoplasm and a kobold.

Vanquished Creatures
  3 ball pythons (D:1)
  A bat (D:1)
  3 endoplasms
  A hobgoblin (D:1)
  2 kobolds
  6 goblins (D:1)
  2 rats (D:1)
18 creatures vanquished.

Vanquished Creatures (others)
  4 toadstools (D:1)
4 creatures vanquished.

Grand Total: 22 creatures vanquished

Notes
Turn   | Place    | Note
-------+----------+-------------------------------------------
     0 | D:1      | Icepheonix32 the Octopode Transmuter began the quest for
                  | the Orb.
     0 | D:1      | Reached XP level 1. HP: 13/13 MP: 3/3
   120 | D:1      | Reached XP level 2. HP: 6/18 MP: 3/5
   337 | D:1      | Found a faded altar of an unknown god.
   976 | D:1      | Slain by a kobold

Illustrated notes

Levels and vault maps discovered:
D:1:      ldierk_walled_garden_2, layout_basic, basic_ecumenical_altar
D:2:      layout_basic, serial_shops, shop, basic_altar,
          dreamdust_mushroom_princess, grunt_ministairs_15,
          chequers_serial_rivers_large_b

Action                   || total
-------------------------++-------
Melee: Unarmed           ||    31
       Kick              ||     6
       Constrict         ||     4
       Tentacles         ||     3
       Punch             ||     1
 Cast: Beastly Appendage ||    10
  Use: Potion            ||     1
 Stab: Sleeping          ||     3
Armor: Skin              ||     1
Dodge: Dodged            ||    19
